 Dungeon Crawl Stone Soup version 0.29-a0-330-g52719c12eb (webtiles) character file.

Game seed: 12559868274883026963

8433 Aelig the Frost Mage (level 11, -9/68 HPs)
             Began as a Barachi Ice Elementalist on Apr 30, 2022.
             Was a Believer of Vehumet.
             Killed from afar by a black draconian (43 damage)
             ... with a bolt of lightning
             ... on level 3 of the Abyss.
             The game lasted 00:44:32 (13244 turns).

Aelig the Frost Mage (Barachi Ice Elementalist)    Turns: 13244, Time: 00:44:33

Health: -9/68      AC: 14    Str:  9    XL:     11   Next: 30%
Magic:  12/17      EV: 12    Int: 20    God:    Vehumet [**....]
Gold:   882        SH:  0    Dex: 17    Spells: 7/18 levels left

rFire   . . .      SeeInvis .   a - +10 hand crossbow "Goblinslayer" {elec, Dex+4}
rCold   . . .      Faith    .   (no shield)
rNeg    . . .      Spirit   .   q - +2 robe {Will+}
rPois   +          Reflect  .   n - +0 helmet
rElec   .          Harm     .   O - +0 cloak
rCorr   .          Rampage  .   l - +0 pair of gloves
Will    +....                   N - +2 pair of boots {Fly}
Stlth   +++.......              (no amulet)
HPRegen 0.21/turn               u - +4 ring of protection
MPRegen 0.15/turn               C - ring of poison resistance

@: about to teleport, flying, studying Shields, slow
A: amphibious, slowness 1, strong legs 1, +LOS, subdued magic 1
a: Hop, Renounce Religion


You were on level 3 of the Abyss.
You worshipped Vehumet.
Vehumet was pleased with you.
You visited 2 branches of the dungeon, and saw 11 of its levels.
You visited the Abyss 1 time.
You also visited: Bailey.

You collected 927 gold pieces.
You spent 45 gold pieces at shops.

Inventory:

Hand Weapons
 a - the +10 hand crossbow "Goblinslayer" (weapon) {elec, Dex+4}
   (You took it off an orc on level 8 of the Dungeon)

   Any ammunition fired from it occasionally discharges a powerful burst of
   electricity upon striking a foe.
   Dex:       It affects your dexterity (+4).
 v - a +1 hunting sling
Missiles
 c - 229 stones
 h - 3 curare-tipped darts
 i - 6 datura-tipped darts
Armour
 l - a +0 pair of gloves (worn)
 n - a +0 helmet (worn)
 q - a +2 robe of willpower (worn)
 N - a +2 pair of boots of flying (worn)
 O - a +0 cloak (worn)
Jewellery
 u - a +4 ring of protection (left hand)
 C - a ring of poison resistance (right hand)
Wands
 E - a wand of acid (4)
 F - a wand of polymorph (4)
 J - a wand of iceblast (1)
Scrolls
 j - a scroll of acquirement {unknown}
 k - a scroll of fog {unknown}
 o - a scroll of teleportation
 p - 2 scrolls of fear
 r - a scroll of silence {unknown}
 s - 4 scrolls of enchant weapon
 y - a scroll of immolation {unknown}
 z - a scroll of torment {unknown}
 B - 2 scrolls of amnesia {unknown}
 G - a scroll of brand weapon {unknown}
 H - 2 scrolls of holy word {unknown}
 K - 2 scrolls of identify
 M - a scroll of enchant armour {unknown}
Potions
 b - 2 potions of magic
 d - 2 potions of lignification
 e - a potion of might
 f - 6 potions of flight
 g - a potion of mutation
 m - 4 potions of haste
 w - 2 potions of curing
 x - a potion of brilliance
 A - 3 potions of attraction
 D - a potion of berserk rage
Miscellaneous
 L - a lightning rod (4/4)


   Skills:
 - Level 8.4 Slings
 * Level 5.7 Crossbows
 - Level 2.1 Dodging
 - Level 4.0 Stealth
 - Level 4.0 Spellcasting
 + Level 7.9 Conjurations
 + Level 13.5 Ice Magic


You had 7 spell levels left.
You knew the following spells:

 Your Spells              Type           Power      Damage    Failure   Level
a - Freeze                Ice            100%       1d11      1%          1
b - Frozen Ramparts       Ice            88%        1d10      1%          3
c - Ozocubu's Armour      Ice            44%        N/A       1%          3
d - Hailstorm             Conj/Ice       36%        3d9       1%          4

Your spell library contained the following spells:

 Spells                   Type           Power      Damage    Failure   Level
 Poisonous Vapours        Pois/Air       6%         N/A       16%         2
 Static Discharge         Conj/Air       15%        N/A       2%          2
 Inner Flame              Hex/Fire       3%         N/A       32%         3
 Lightning Bolt           Conj/Air       7%         1d20      52%         5
 Cause Fear               Hex            1%         N/A       73%         4
 Discord                  Hex            1%         N/A       100%        8
 Maxwell's Capacitive Co  Air            1%         ∞         100%        8


Dungeon Overview and Level Annotations

Branches:
Dungeon (10/15)            Temple (1/1) D:6             Orc (0/2) D:9
 Bailey (visited)
   Lair: D:8-11

Altars:
Ashenzari
Dithmenos
Fedhas
Gozag
Hepliaklqana
Kikubaaqudgha
Makhleb
Nemelex Xobeh
Okawaru
Qazlal
Ru
Sif Muna
Trog
Uskayaw
Vehumet
Xom
Yredelemnul
Zin
The Shining One

Shops:
D:7 **

Annotations:
D:6 3 runed translucent doors, exclusions: manticore, troll, two-headed ogre and 1 more exclusion, Zappman123's ghost, novice SpHu
D:7 Dowan; Joseph
D:8 1 runed translucent door, Maggie
D:9 exclusion: upstairs
D:10 exclusion: manticore


Innate Abilities, Weirdness & Mutations

You are amphibious.
You cover ground slowly.
You can hop short distances.
You have an extended range of vision and can be seen from far away.
Your spells are a little easier to cast, but a little less powerful.


Message History

You shoot a bolt.
The bolt hits the wraith but does no damage.
The wraith is lightly damaged.
The wraith resists.
The wall freezes the wraith.
The wraith barely misses you.
Shoot: a) +10 hand crossbow "Goblinslayer" {elec, Dex+4}
Press: ? - help, Q - select action, (/) - cycle Shift-Dir - straight line, f/p - wraith
Aim: a wraith (moderately damaged, 72% to hit)
You shoot a bolt. The bolt hits the wraith!
The wraith is severely damaged.
The wraith resists.
The wall freezes the wraith.
The wraith barely misses you.
Shoot: a) +10 hand crossbow "Goblinslayer" {elec, Dex+4}
Press: ? - help, Q - select action, (/) - cycle Shift-Dir - straight line, f/p - wraith
Aim: a wraith (severely damaged, 72% to hit)
You shoot a bolt. The bolt barely misses the wraith.
The wraith resists.
The wall freezes the wraith.
The wraith hits you but does no damage.
The wraith resists.
The wall freezes the wraith.
The wraith hits you but does no damage.
Shoot: a) +10 hand crossbow "Goblinslayer" {elec, Dex+4}
Press: ? - help, Q - select action, (/) - cycle Shift-Dir - straight line, f/p - wraith
Aim: a wraith (almost destroyed, 72% to hit)
You shoot a bolt. The bolt hits the wraith.
You destroy the wraith!
That felt strangely unrewarding.
You feel your power returning.
Your icy armour cracks and falls away as you move.
The frozen ramparts melt away as you move.
A raiju comes into view.
A tentacled starspawn comes into view.
A black draconian comes into view. It is wielding a +0 dire flail.
The black draconian roars!
A soul eater comes into view.
A thrashing horror comes into view.
A bone dragon comes into view.
As you read the scroll of teleportation, it crumbles to dust.
You feel strangely unstable.
You feel the power of the Abyss delaying your translocation!
The black draconian roars!
The black draconian breathes lightning at you.
The bolt of lightning hits you!!!
Ouch! That really hurt!
You die...

##.## ...# . ##... .
#.#.# #§ # ## ##
#..# §# #.. ...####
#..# .##....
#...###.### ....#.#
#.........##......#≈
#.#...@...#.##.≈..≈≈
#.X........d....≈≈≈#
#..##......##.#.≈d≈
. ##.##...#####.#
.##.§ . .#8## ## ..
.#### .. .. # .. #


You could see a black draconian (catching breath) and a thrashing horror.

Vanquished Creatures
  A flayed ghost (Abyss:3)
  An orc knight (Bailey)
  A deep elf pyromancer (D:9)
  A smoke demon (Abyss:3)
  An unseen horror (D:10)
  A kobold demonologist (D:9)
  A hellwing (Abyss:3)
  2 trolls (D:9)
  A tarantella (shapeshifter) (D:10)
  2 large abominations (Abyss:3)
  4 yaks (D:8)
  3 wraiths
  A steam dragon (D:9)
  Menkaure (D:7)
  An acid dragon (D:9)
  4 ice beasts
  A black bear (D:4)
  A sky beast (D:6)
  16 orc warriors
  5 ogres
  3 centaurs
  A phantom (D:7)
  4 kobold brigands (D:9)
  3 necrophages
  3 gnoll sergeants
  A scorpion (D:5)
  A small abomination (Abyss:3)
  9 wights (D:9)
  4 killer bees (D:9)
  An electric eel (D:7)
  3 howler monkeys
  2 hounds (D:4)
  A jelly (D:8)
  Crazy Yiuf (D:7)
  4 orc priests
  A gnoll shaman (D:8)
  6 iguanas
  3 orc wizards
  Natasha (thrice) (D:4)
  15 gnolls
  7 adders
  2 white imps
  An ufetubus (D:6)
  2 worms
  2 dart slugs
  34 orcs
  4 ball pythons
  6 bats
  3 endoplasms
  4 giant cockroaches
  11 goblins
  6 hobgoblins
  4 jackals
  21 kobolds
  3 quokkas
  5 frilled lizards
  3 rats
236 creatures vanquished.

Vanquished Creatures (others)
  A lurking horror (Abyss:3)
  2 starspawn tentacles (Abyss:3)
3 creatures vanquished.

Grand Total: 239 creatures vanquished

Notes
Turn   | Place    | Note
-------+----------+-------------------------------------------
     0 | D:1      | Aelig the Barachi Ice Elementalist began the quest for the
                  | Orb.
     0 | D:1      | Reached XP level 1. HP: 13/13 MP: 3/3
    23 | D:1      | Found a faded altar of an unknown god.
   357 | D:1      | Reached skill level 5 in Ice Magic
   456 | D:1      | Reached XP level 2. HP: 4/19 MP: 0/5
  1332 | D:2      | Reached XP level 3. HP: 24/24 MP: 4/6
  1336 | D:2      | Learned a level 3 spell: Frozen Ramparts
  1391 | D:2      | Reached skill level 6 in Ice Magic
  1950 | D:2      | Reached XP level 4. HP: 24/30 MP: 3/7
  2377 | D:2      | Learned a level 3 spell: Ozocubu's Armour
  2463 | D:3      | Reached skill level 7 in Ice Magic
  2999 | D:3      | Reached skill level 1 in Slings
  3672 | D:4      | Noticed Natasha
  3678 | D:4      | Killed Natasha
  3679 | D:4      | Reached XP level 5. HP: 25/35 MP: 1/8
  3929 | D:4      | Reached XP level 6. HP: 41/41 MP: 7/9
  3968 | D:4      | Noticed a black bear
  3974 | D:4      | Killed a black bear
  4049 | D:4      | Noticed Natasha
  4053 | D:4      | Killed Natasha
  4066 | D:4      | Noticed Natasha
  4069 | D:4      | Killed Natasha
  4070 | D:4      | Reached skill level 8 in Ice Magic
  4569 | D:4      | Found an iron altar of Okawaru.
  4766 | D:5      | Entered Level 5 of the Dungeon
  4776 | D:5      | Reached XP level 7. HP: 46/46 MP: 5/12
  5038 | D:5      | Reached skill level 9 in Ice Magic
  5039 | D:5      | Identified the +3 dagger of Guhuas {vorpal, Str+7 Int-5
                  | SInv}
  5276 | D:5      | Reached XP level 8. HP: 28/52 MP: 7/14
  5747 | D:5      | Reached skill level 10 in Ice Magic
  6396 | D:6      | Reached skill level 5 in Slings
  6659 | D:6      | Noticed a manticore
  6659 | D:6      | Noticed a two-headed ogre
  6703 | D:6      | Reached skill level 11 in Ice Magic
  6848 | D:6      | Noticed Zappman123's ghost (novice SpHu)
  6867 | D:6      | Found a runed translucent gate.
  6896 | D:6      | Found a runed translucent gate.
  6896 | D:6      | Found a runed translucent gate.
  6969 | D:6      | Noticed a troll
  6992 | D:6      | Found a staircase to the Ecumenical Temple.
  7008 | Temple   | Entered the Ecumenical Temple
  7173 | Temple   | Became a worshipper of Vehumet
  7656 | D:7      | Reached XP level 9. HP: 57/57 MP: 8/15
  7811 | D:7      | Found a flagged portal.
  7820 | Bailey   | Entered a bailey
  7832 | Bailey   | Learned a level 4 spell: Hailstorm
  7834 | Bailey   | Noticed an orc knight
  7933 | Bailey   | Reached skill level 1 in Conjurations
  8307 | Bailey   | Reached * piety under Vehumet
  8307 | Bailey   | Offered knowledge of Foxfire by Vehumet.
  8308 | Bailey   | Reached skill level 12 in Ice Magic
  8347 | Bailey   | Killed an orc knight
  8467 | Bailey   | Reached skill level 5 in Conjurations
  8844 | D:7      | Noticed Menkaure
  8978 | D:7      | Found a runed translucent door.
  8979 | D:7      | Noticed Crazy Yiuf
  8986 | D:7      | Killed Crazy Yiuf
  8987 | D:7      | Reached XP level 10. HP: 63/63 MP: 8/16
  9146 | D:7      | Noticed Joseph
  9251 | D:7      | Found Topysmo's Assorted Antiques.
  9461 | D:7      | Killed Menkaure
  9644 | D:7      | Found Osesh's General Store.
  9656 | D:7      | Bought a potion of degeneration for 10 gold pieces
  9656 | D:7      | Bought a scroll of fear for 35 gold pieces
  9825 | D:7      | Noticed Dowan
  9896 | D:8      | Identified the +2 leather armour of Doikoesu {rF+}
 10132 | D:8      | Identified the +10 hand crossbow "Goblinslayer" {elec,
                  | Dex+4}
 10421 | D:8      | Noticed Maggie
 10669 | D:9      | Reached skill level 1 in Crossbows
 10905 | D:8      | Found a runed translucent door.
 10965 | D:9      | Noticed a kobold demonologist
 10971 | D:9      | Killed a kobold demonologist
 11016 | D:9      | Reached skill level 13 in Ice Magic
 11045 | D:9      | Offered knowledge of Magic Dart by Vehumet.
 11303 | D:9      | Reached ** piety under Vehumet
 11691 | D:9      | Noticed a deep elf pyromancer
 11700 | D:9      | Killed a deep elf pyromancer
 11701 | D:9      | Reached XP level 11. HP: 68/68 MP: 7/17
 11982 | D:9      | Found a staircase to the Orcish Mines.
 11997 | D:9      | Reached skill level 5 in Crossbows
 12009 | D:9      | Offered knowledge of Poisonous Vapours by Vehumet.
 12532 | D:10     | Entered Level 10 of the Dungeon
 12598 | D:10     | Found a shimmering blue altar of Sif Muna.
 12650 | D:10     | Noticed a manticore
 12853 | D:10     | Noticed a wizard
 12853 | D:10     | Cast into level 3 of the Abyss (a wizard)
 12875 | Abyss:3  | Noticed a large abomination
 12950 | Abyss:3  | Noticed a wretched star
 13020 | Abyss:3  | Noticed a flayed ghost
 13027 | Abyss:3  | Killed a flayed ghost
 13136 | Abyss:3  | Noticed a tentacled starspawn
 13139 | Abyss:3  | Noticed a rakshasa
 13145 | Abyss:3  | Noticed a hell knight
 13146 | Abyss:3  | Noticed a starcursed mass
 13147 | Abyss:3  | Noticed a hell knight
 13147 | Abyss:3  | Noticed a hell knight
 13148 | Abyss:3  | Noticed a spatial maelstrom
 13148 | Abyss:3  | Noticed a tentacled starspawn
 13152 | Abyss:3  | Noticed a hell knight
 13152 | Abyss:3  | Noticed a large abomination
 13152 | Abyss:3  | Noticed a tentacled starspawn
 13152 | Abyss:3  | Noticed a hell knight
 13153 | Abyss:3  | Noticed a hell knight
 13153 | Abyss:3  | Noticed a hell knight
 13177 | Abyss:3  | Gained mutation: Your spells are a little easier to cast,
                  | but a little less powerful. [a neqoxec]
 13235 | Abyss:3  | Noticed a tentacled starspawn
 13235 | Abyss:3  | Noticed a black draconian
 13237 | Abyss:3  | Noticed a soul eater
 13238 | Abyss:3  | Noticed a thrashing horror
 13240 | Abyss:3  | Noticed a bone dragon
 13244 | Abyss:3  | Killed from afar by a black draconian

Illustrated notes

Levels and vault maps discovered:
D:1:      amcnicky_arrival_gap_in_the_tavern_cellar, layout_basic,
          shapermc_ecumenical_altar_flowoftime
D:2:      layout_basic, wander_ebering_terrifying_dragon_lair
D:3:      layout_basic, nicolae_elevator_lobby_asterisk
D:4:      layout_basic, lemuel_tele_altar, hangedman_decor_peaks_small,
          minmay_manual_maat, uniq_natasha
D:5:      layout_basic
D:6:      layout_basic, minmay_temple_entry_sparse_star, gammafunk_ghost_icy,
          kb_rosetta
D:7:      layout_loops_ring, enter_bailey_2, nicolae_wooded_promenade,
          uniq_joseph, uniq_crazy_yiuf_cottage, uniq_duvessa, uniq_menkaure
D:8:      layout_cave_pods, amethyst_overflow_temple_binary,
          hellmonk_ghost_happy_afterlife, roderic_roman_lattice, uniq_maggie
D:9:      layout_layer_cave, kennysheep_orc_monster_closet_entryway
D:10:     kennysheep_big_flooded_room, layout_basic, marbit_many_paths,
          nzn_wu_jian_council_hall, lair_entry_dummy,
          ebering_ghost_reflecting_pool, nicolae_trove_entry_columns,
          nicolae_water_bricks, bh_hangedman_babel_library
Temple:   minmay_crystal_spiral_temple
Abyss:3:  base: D:8, hangedman_summoners_spam, hangedman_abyss_or_decor_stagger,
          evilmike_abyss_rune_ettins

Skill      XL: |  1  2  3  4  5  6  7  8  9 10 11 |
---------------+----------------------------------+-----
Ice Magic      | 5 6 7 8 9 11 12 13 | 13.5
Slings         | 1 2 3 4 6 8 |  8.4
Spellcasting   | 3 4 |  4.0
Conjurations   | 5 7 |  7.9
Crossbows      | 4 5 |  5.7
Stealth        | 3 4 |  4.0
Dodging        | |  2.1

Action                   |  1- 3 |  4- 6 |  7- 9 | 10-12 || total
-------------------------+-------+-------+-------+-------++-------
Melee: Club              |    41 |       |       |       ||    41
 Fire: Hunting sling     |    10 |   139 |   354 |    63 ||   566
       Hand crossbow     |       |       |       |   138 ||   138
 Cast: Freeze            |    29 |    21 |    22 |    11 ||    83
       Frozen Ramparts   |     2 |     9 |    31 |    31 ||    73
       Ozocubu's Armour  |       |     4 |    34 |    33 ||    71
       Hailstorm         |       |       |       |     7 ||     7
 Abil: Hop               |       |       |       |     3 ||     3
Evoke: Wand              |       |       |     5 |       ||     5
  Use: Potion            |     1 |       |       |     6 ||     7
       Scroll            |       |     9 |       |     6 ||    15
 Stab: Sleeping          |     3 |       |       |       ||     3
Armor: Robe              |    11 |    21 |    84 |    82 ||   198
       Skin              |    24 |       |       |       ||    24
Dodge: Dodged            |    33 |    39 |   112 |    75 ||   259

Table legend: (Time is in decaauts)
 A = Elapsed time spent in this place.
 B = Non-inter-level travel time spent in this place.
 C = Inter-level travel time spent in this place.
 D = Time resting spent in this place.
 E = Time spent auto-exploring this place.
 F = Levels seen in this place.
 G = Mean time per level.
                   A        B        C        D        E       F      G
               +--------+--------+--------+--------+--------+-----+--------+
         Total |  14941 |  14276 |    665 |   3549 |   7346 |  13 | 1149.3 |
       Dungeon |  13305 |  12740 |    565 |   3075 |   7201 |  10 | 1330.5 |
        Temple |    266 |    166 |    100 |      0 |    144 |   1 |  266.0 |
         Abyss |    442 |    442 |      0 |    112 |      0 |   1 |  442.0 |
        Bailey |    927 |    927 |      0 |    362 |      0 |   1 |  927.0 |
               +--------+--------+--------+--------+--------+-----+--------+

Top non-repeatable levels by time:
     D:9: 2135 daAuts
     D:5: 1757 daAuts
     D:3: 1525 daAuts
     D:7: 1523 daAuts
     D:1: 1484 daAuts
     D:2: 1247 daAuts
     D:4: 1231 daAuts
     D:6: 1225 daAuts
  Bailey: 927 daAuts
     D:8: 825 daAuts
 Abyss:3: 442 daAuts
    D:10: 348 daAuts
  Temple: 266 daAuts
